 Dungeon Crawl Stone Soup version 0.24.0-28-g17ded55e90 (webtiles) character file.

Game seed: 4870087574722341668, levelgen mode: deterministic

270 Gumption the Grave Robber (level 6, -3/44 HPs)
             Began as a Demonspawn Necromancer on Nov 11, 2019.
             Slain by an elf zombie (5 damage)
             ... on level 4 of the Dungeon.
             The game lasted 00:32:53 (4647 turns).

Gumption the Grave Robber (Demonspawn Necromancer)  Turns: 4647, Time: 00:32:54

Health: -3/44      AC:  7    Str:  9    XL:     6   Next: 1%
Magic:  11/11      EV: 12    Int: 18    God:
Gold:   152        SH:  0    Dex: 13    Spells: 3/11 levels left

rFire    . . .     SeeInvis .   b - +0 hunting sling
rCold    + . .     Gourm    .   (no shield)
rNeg     . . .     Faith    .   w - +0 leather armour
rPois    .         Spirit   .   u - +1 helmet
rElec    .         Reflect  .   (no cloak)
rCorr    .         Harm     .   (no gloves)
MR       .....                  (no boots)
Stlth    ++........             (no amulet)
HPRegen  0.14/turn              (no ring)
MPRegen  0.12/turn              (no ring)

@: no status effects
A: talons 1, yellow scales 1, cold resistance 1, powered by pain 1
a: no special abilities


You were on level 4 of the Dungeon.
You were not hungry.

You visited 1 branch of the dungeon, and saw 4 of its levels.

You collected 152 gold pieces.

Inventory:

Hand Weapons
 a - a +0 dagger
 b - a +0 hunting sling (weapon)
 r - a cursed -3 spear
Missiles
 d - 6 sling bullets (quivered)
 i - 98 stones
 x - 7 javelins
Armour
 u - a +1 helmet (worn)
 w - a +0 leather armour (worn)
Scrolls
 g - 2 scrolls of remove curse
 h - 2 scrolls of noise {unknown}
 j - a scroll of amnesia {unknown}
 l - a scroll of teleportation {unknown}
 m - 2 scrolls of blinking {unknown}
 n - a scroll of fog {unknown}
 o - 2 scrolls of enchant armour
 q - 2 scrolls of fear
Potions
 c - 2 potions of resistance
 k - 2 potions of curing
 s - a potion of heal wounds {unknown}
 t - a potion of haste {unknown}
 v - a potion of degeneration {unknown}
Comestibles
 e - 3 rations


   Skills:
 + Level 1.7 Fighting
 - Level 2.5 Dodging
 - Level 2.7 Stealth
 + Level 3.3 Spellcasting
 * Level 6.0 Necromancy


You had 3 spell levels left.
You knew the following spells:

 Your Spells              Type           Power        Failure   Level  Hunger
a - Pain                  Necr           ###.         1%          1    None
b - Animate Skeleton      Necr           N/A          1%          1    None
c - Vampiric Draining     Necr           ###.......   5%          3    ###....
z - Regeneration          Chrm/Necr      ##........   19%         3    ###....

Your spell library contained the following spells:

 Spells                   Type           Power        Failure   Level  Hunger
 Confusing Touch          Hex            #.....       22%         1    None
 Confuse                  Hex            #.......     54%         3    ###....
 Gell's Gravitas          Tloc           #.........   54%         3    ###....
 Animate Dead             Necr           N/A          19%         4    ####...
 Petrify                  Tmut/Erth      #.......     91%         4    ####...
 Metabolic Englaciation   Hex/Ice        #.........   99%         5    ######.
 Yara's Violent Unravell  Hex/Tmut       #.........   99%         5    ######.


Dungeon Overview and Level Annotations

Branches:
Dungeon (4/15)             Temple (0/1) D:4

Altars:
Ashenzari
Makhleb
Nemelex Xobeh
Sif Muna


Innate Abilities, Weirdness & Mutations

You have sharp toenails.
You are partially covered in yellow scales. (AC +2)
Your flesh is cold resistant. (rC+)
You sometimes gain a little power by taking damage.


Message History

Press: ? - help, Shift-Dir - straight line, f/p - elf zombie
Aim: an elf zombie (severely damaged)
You shoot a sling bullet. The sling bullet hits the elf zombie!
The elf zombie is almost destroyed.
The elf zombie hits you.
* * * LOW HITPOINT WARNING * * *
Firing (i - inventory. (/) - cycle)
d - 8 sling bullets (quivered)
Press: ? - help, Shift-Dir - straight line, f/p - elf zombie
Aim: an elf zombie (almost destroyed)
You shoot a sling bullet.
The sling bullet closely misses the elf zombie.
The elf zombie hits you.
* * * LOW HITPOINT WARNING * * *
Firing (i - inventory. (/) - cycle)
d - 7 sling bullets (quivered)
Press: ? - help, Shift-Dir - straight line, f/p - elf zombie
Aim: an elf zombie (almost destroyed)
You shoot a sling bullet.
The sling bullet barely misses the elf zombie.
The elf zombie hits you.
You die...

#.........#
*,,,,,,,,,,,,
#........#*
**,,,,,,,,,,,
#........# #####
*,,,,,,,,,,,
#........### ##...#
**,,,,,,,,,,
##.....)....###....##
*,,,,,,,,,,
#.......##..........#
**,,,,,,,**
#......######.......#
**,,,,,*** #....###
#....#####****,,*** *
#...##
##..@Z..(#,+,******
#.###
###.###'#+#**,,,,***
#.#
###,+...+,*,,,,,,,
.## **#...###**,,,,,
.# *,+...'.# ****,,
.# **#+#+### ***,, ##
*,+,*,+∩****,,,, #
**********,,,,,, #
***,,,,,,,


You could see an elf zombie.

Vanquished Creatures
  A human zombie (D:4)
  A hound (D:2)
  An iguana (D:2)
  A worker ant (D:4)
  Robin (D:3)
  4 gnolls
  2 adders
  2 oozes
  A dart slug (D:1)
  2 leopard geckos
  A ball python (D:3)
  3 giant cockroaches
  16 goblins
  6 hobgoblins
  8 bats
  5 frilled lizards (D:1)
  8 kobolds
  6 rats
69 creatures vanquished.

Vanquished Creatures (collateral kills)
  An ooze (D:2)
  A worm (D:3)
  A dart slug (D:1)
  A bat (D:1)
  A goblin (D:3)
  A hobgoblin (D:3)
  2 kobolds
  A rat (D:2)
9 creatures vanquished.

Grand Total: 78 creatures vanquished

Notes
Turn   | Place    | Note
-------+----------+-------------------------------------------
     0 | D:1      | Gumption the Demonspawn Necromancer began the quest for the
                  | Orb.
     0 | D:1      | Reached XP level 1. HP: 13/13 MP: 3/3
     3 | D:1      | Learned a level 1 spell: Animate Skeleton
   491 | D:1      | Gained mutation: You are partially covered in yellow
                  | scales. (AC +2) [demonic ancestry]
   491 | D:1      | Reached XP level 2. HP: 18/19 MP: 1/5
   934 | D:1      | Gained mutation: You sometimes gain a little power by
                  | taking damage. [demonic ancestry]
   934 | D:1      | Reached XP level 3. HP: 12/24 MP: 0/6
  2068 | D:2      | Reached skill level 5 in Necromancy
  2068 | D:2      | Reached XP level 4. HP: 8/30 MP: 1/8
  2287 | D:2      | Learned a level 3 spell: Vampiric Draining
  2291 | D:2      | Learned a level 3 spell: Regeneration
  2328 | D:2      | Found a shattered altar of Ashenzari.
  2636 | D:2      | Found a burning altar of Makhleb.
  2735 | D:2      | Found a shimmering blue altar of Sif Muna.
  2981 | D:3      | Gained mutation: You have sharp toenails. [demonic
                  | ancestry]
  2981 | D:3      | Reached XP level 5. HP: 34/36 MP: 5/9
  3115 | D:3      | Noticed Robin
  3129 | D:3      | Killed Robin
  3129 | D:3      | Reached skill level 1 in Fighting
  4476 | D:4      | Found a sparkling altar of Nemelex Xobeh.
  4575 | D:4      | Reached skill level 6 in Necromancy
  4575 | D:4      | Gained mutation: Your flesh is cold resistant. (rC+)
                  | [demonic ancestry]
  4575 | D:4      | Reached XP level 6. HP: 32/44 MP: 9/11
  4646 | D:4      | HP: 1/44 [elf zombie (4)]
  4647 | D:4      | Slain by an elf zombie

Levels and vault maps discovered:
D:1:      roderic_crop_circles_arrival_small, layout_rooms,
          kennysheep_minor_cross, minmay_misc_feat_plants, st_stairs_5
D:2:      layout_loops_ring, ashenzari_conservatory_becter,
          lemuel_blue_sif_altar, serial_glass, glass_columns_b, glass_columns_a,
          due_unseen_surprise, item_on_display_a, item_on_display_a,
          minmay_strange_pillars, makhleb_blood_cavern_becter
D:3:      layout_loops_corners, due_unseen_surprise, uniq_robin
D:4:      layout_cave_pods, lemuel_crystal_altar, old_standard_altar,
          minmay_temple_entry_offerings, serial_column_ruins, column_ruins_hut,
          column_ruins_open_tiny, column_ruins_grid_1, column_ruins_open_tiny,
          column_ruins_columns_T, column_ruins_corridor_T,
          nicolae_ossuary_entry_catacombs

Skill      XL: |  1  2  3  4  5 |
---------------+----------------+-----
Stealth        | 2 |  2.7
Dodging        | 2 |  2.5
Necromancy     | 5 6 |  6.0
Spellcasting   | 3 |  3.3
Fighting       | 1 |  1.7

Action                   |  1- 3 |  4- 6 || total
-------------------------+-------+-------++-------
Melee: Unarmed           |     5 |       ||     5
       Dagger            |     3 |    80 ||    83
       Kick              |       |    19 ||    19
 Fire: Hunting sling     |    16 |    35 ||    51
 Cast: Pain              |    62 |    76 ||   138
       Animate Skeleton  |    19 |    22 ||    41
  Use: Scroll            |       |     7 ||     7
  Eat: Chunk             |     4 |     8 ||    12
       Ration            |       |     1 ||     1
Armor: Robe              |    11 |     7 ||    18
       Leather armour    |       |    18 ||    18
Dodge: Dodged            |    30 |    75 ||   105
